 Dungeon Crawl Stone Soup version 0.27-a0-1256-gced786f65e (webtiles) character file.

Game seed: 6314963367710625156

259 freelancePsychic the Sneak (level 5, -2/28 HPs)
             Began as a Vampire Enchanter on June 10, 2021.
             Slain by a hobgoblin
             ... wielding a +0 club
              (6 damage)
             ... on level 4 of the Dungeon.
             The game lasted 00:10:54 (4642 turns).

freelancePsychic the Sneak (Vampire Enchanter)      Turns: 4642, Time: 00:10:54

Health: -2/28      AC:  2    Str:  7    XL:     5   Next: 95%
Magic:  1/8        EV: 12    Int: 18    God:
Gold:   140        SH:  0    Dex: 15    Spells: 2/8 levels left

rFire    . . .     SeeInvis +   g - +1 dagger (speed)
rCold    + + .     Faith    .   (no shield)
rNeg     + + +     Spirit   .   b - +0 robe
rPois    ∞         Reflect  .   (no helmet)
rElec    .         Harm     .   (no cloak)
rCorr    .         Rampage  .   (no gloves)
Will     .....                  (no boots)
Stlth    +++++.....             (no amulet)
HPRegen  0.00/turn              (no ring)
MPRegen  0.11/turn              (no ring)

@: bloodless
A: bloodless, fangs 3, see invisible, vampiric 2
a: Bat Form, Revivify


You were on level 4 of the Dungeon.
You visited 1 branch of the dungeon, and saw 4 of its levels.

You collected 140 gold pieces.

Inventory:

Hand Weapons
 g - a +1 dagger of speed (weapon)
Armour
 b - a +0 robe (worn)
Jewellery
 n - a ring of wizardry
Wands
 m - a wand of digging (6)
Scrolls
 e - a scroll of amnesia
 h - a scroll of immolation
 k - a scroll of blinking
 l - a scroll of brand weapon
 o - a scroll of noise {unknown}
Potions
 a - 3 potions of brilliance {unknown}
 c - a potion of degeneration {unknown}
 d - a potion of magic {unknown}
 f - a potion of lignification {unknown}
 i - 2 potions of mutation {unknown}
 j - 2 potions of heal wounds {unknown}
 p - a potion of curing {unknown}


   Skills:
 - Level 3.5 Short Blades
 - Level 2.1 Dodging
 + Level 6.7 Stealth
 - Level 2.0 Spellcasting
 + Level 6.3 Hexes
 + Level 1.9 Ice Magic


You had 2 spell levels left.
You knew the following spells:

 Your Spells              Type           Power      Damage    Failure   Level
a - Corona                Hex            26%        N/A       1%          1
b - Ensorcelled Hibernat  Hex/Ice        32%        N/A       4%          2
c - Tukima's Dance        Hex            24%        N/A       4%          3

Your spell library contained the following spells:

 Spells                   Type           Power      Damage    Failure   Level
 Confusing Touch          Hex            24%        N/A       4%          3
 Dazzling Flash           Conj/Hex       26%        N/A       14%         3


Dungeon Overview and Level Annotations

Branches:
Dungeon (4/15)
 Temple: D:4-7

Altars:
The Shining One


Innate Abilities, Weirdness & Mutations

You do not regenerate when monsters are visible.
You are frail without blood (-20% HP).
You can heal yourself when you bite living creatures.
You are immune to poison.
You have razor-sharp teeth.
You have supernaturally acute eyesight. (SInv)
You are afflicted with vampirism and can become a bat while bloodless.


Message History

The hobgoblin zombie barely misses you.
Casting: Ensorcelled Hibernation (safe; 4% risk of failure)
Confirm with . or Enter, or press ? or * to list all spells.
Aiming: Ensorcelled Hibernation (safe; 4% risk of failure)
Press: ? - help, Shift-Dir - straight line, f - hobgoblin
Aim: a hobgoblin, wielding a +0 club (chance to affect: 64%)
The hobgoblin resists with significant effort.
The hobgoblin barely misses you.
Casting: Ensorcelled Hibernation (safe; 4% risk of failure)
Confirm with . or Enter, or press ? or * to list all spells.
Aiming: Ensorcelled Hibernation (safe; 4% risk of failure)
Press: ? - help, Shift-Dir - straight line, f/p - hobgoblin
Aim: a hobgoblin, wielding a +0 club (chance to affect: 64%)
The hobgoblin resists with significant effort.
The hobgoblin zombie hits you. The hobgoblin barely misses you.
Casting: Ensorcelled Hibernation (safe; 4% risk of failure)
Confirm with . or Enter, or press ? or * to list all spells.
You don't have enough magic to cast this spell.
Unknown command.
You closely miss the hobgoblin.
The hobgoblin zombie closely misses you.
The hobgoblin hits you with a +0 club.
The hobgoblin zombie closely misses you.
You closely miss the hobgoblin. Your bite misses the hobgoblin.
You hit the hobgoblin.
The hobgoblin is moderately wounded.
The hobgoblin hits you with a +0 club.
The hobgoblin zombie closely misses you.
The hobgoblin zombie hits you.
You closely miss the hobgoblin.
The hobgoblin is moderately wounded.
You hit the hobgoblin.
The hobgoblin is heavily wounded.
The hobgoblin completely misses you.
The hobgoblin zombie hits you but does no damage.
The hobgoblin zombie barely misses you. The hobgoblin hits you with a +0 club.
* * * LOW HITPOINT WARNING * * *
The hobgoblin hits you with a +0 club.
You die...

### ..#####
.....# ....# ...#
#..# ##..#
.##.....#..@#
.$.._..+.gZ# ..
......##.Z# ...
#.....#..Z# #.#..
#.#..##...#
#.#..##....###..#
#...............#
...............#
#....).##.#####


You could see 3 hobgoblin zombies and a hobgoblin.

Vanquished Creatures
  A scorpion (D:4)
  An iguana (D:4)
  A gnoll (D:2)
  4 adders
  2 adder skeletons (D:4)
  A worm (D:2)
  4 dart slugs
  8 orcs
  9 ball pythons
  11 endoplasms
  6 giant cockroaches
  8 goblins
  6 hobgoblins
  5 jackals (D:2)
  7 kobolds
  3 quokkas (D:2)
  5 bats
  7 frilled lizards
  A goblin zombie (D:4)
  A hobgoblin zombie (D:4)
  A kobold zombie (D:4)
  An orc skeleton (D:4)
  7 rats
100 creatures vanquished.

Notes
Turn   | Place    | Note
-------+----------+-------------------------------------------
     0 | D:1      | freelancePsychic the Vampire Enchanter began the quest for
                  | the Orb.
     0 | D:1      | Reached XP level 1. HP: 13/13 MP: 3/3
   284 | D:1      | Reached XP level 2. HP: 11/19 MP: 5/5
   328 | D:1      | Learned a level 2 spell: Ensorcelled Hibernation
   501 | D:1      | Found a faded altar of an unknown god.
   533 | D:1      | Reached skill level 5 in Stealth
  1029 | D:2      | Reached skill level 5 in Hexes
  1198 | D:2      | Gained mutation: You are afflicted with vampirism and can
                  | become a bat while bloodless. [Vampire growth]
  1198 | D:2      | Reached XP level 3. HP: 19/19 MP: 6/6
  2391 | D:2      | Reached XP level 4. HP: 24/24 MP: 4/7
  2457 | D:2      | HP: 1/24 [dart slug (1)]
  4008 | D:4      | Reached skill level 1 in Ice Magic
  4008 | D:4      | Reached XP level 5. HP: 28/28 MP: 3/8
  4390 | D:4      | Learned a level 3 spell: Tukima's Dance
  4466 | D:4      | Noticed a phantom
  4642 | D:4      | Slain by a hobgoblin

Illustrated notes

Levels and vault maps discovered:
D:1:      minmay_arrival_shattered_statue, layout_basic, serial_forest,
          infiniplex_forest_lined_3_way, infiniplex_forest_clump_curved,
          infiniplex_forest_clump_diagonal, infiniplex_forest_lined_corner,
          hellmonk_ecumenical_altar_blasted
D:2:      layout_basic, minmay_joined_circles
D:3:      layout_basic
D:4:      layout_rooms, nicolae_tso_besieged_by_evil, hangedman_decor_growths,
          cheibrodos_gnoll_hut

Skill      XL: |  1  2  3  4  5 |
---------------+----------------+-----
Stealth        | 5 6 |  6.7
Hexes          | 5 6 |  6.3
Short Blades   | 2 3 |  3.5
Ice Magic      | 1 |  1.9
Dodging        | |  2.1
Spellcasting   | |  2.0

Action                   |  1- 3 |  4- 6 || total
-------------------------+-------+-------++-------
Melee: Dagger            |   133 |   140 ||   273
       Bite              |     3 |     6 ||     9
 Cast: Corona            |     3 |       ||     3
       Ensorcelled Hiber |    26 |    34 ||    60
 Abil: Exsanguinate      |     1 |       ||     1
  Use: Scroll            |       |     4 ||     4
 Stab: Sleeping          |    26 |    37 ||    63
       Distracted        |       |     1 ||     1
Armor: Robe              |    22 |    16 ||    38
Dodge: Dodged            |    57 |    65 ||   122

Table legend: (Time is in decaauts)
 A = Elapsed time spent in this place.
 B = Non-inter-level travel time spent in this place.
 C = Inter-level travel time spent in this place.
 D = Time resting spent in this place.
 E = Time spent auto-exploring this place.
 F = Levels seen in this place.
 G = Mean time per level.
                   A        B        C        D        E       F      G
               +--------+--------+--------+--------+--------+-----+--------+
         Total |   4540 |   4405 |    135 |    717 |   2828 |   4 | 1135.0 |
       Dungeon |   4540 |   4405 |    135 |    717 |   2828 |   4 | 1135.0 |
               +--------+--------+--------+--------+--------+-----+--------+

Top non-repeatable levels by time:
     D:2: 2082 daAuts
     D:3: 1140 daAuts
     D:1: 817 daAuts
     D:4: 500 daAuts
